 Dungeon Crawl Stone Soup version 0.31-a0-981-geadf994542 (webtiles) character file.

Game seed: 12761127807200652731

151 Vomitron the Insei (level 5, -4/39 HPs)
             Began as a Merfolk Shapeshifter on Nov 1, 2023.
             Slain by a river rat (6 damage)
             ... in a sewer.
             The game lasted 00:05:26 (2086 turns).

Vomitron the Insei (Merfolk Shapeshifter)           Turns: 2086, Time: 00:05:27

Health: -4/39      AC:  2    Str: 14    XL:     5   Next: 33%
Magic:  5/5        EV: 15    Int: 10    God:
Gold:   137        SH:  0    Dex: 15    Spells: 4/4 levels left

rFire   . .          .
                       - Unarmed
rCold   . . .        (no shield)
rNeg    . . .        a - +0 animal skin
rPois   .            (helmet currently unavailable)
rElec   .            (cloak currently unavailable)
rCorr   .            (gloves currently unavailable)
SInv    .            (boots currently unavailable)
Will    .....        (no amulet)
Stlth   ++           (no ring)
HPRegen 0.26/turn    (no ring)
MPRegen 0.09/turn

%: no passive effects
@: beast-form, very quick
A: beast (slay +2), nimble swimmer 2, mertail
a: Begin Untransformation


You were in a sewer.
You were a hulking beast.
You visited 1 branch of the dungeon, and saw 3 of its levels.
You also visited: Sewer.

You collected 137 gold pieces.

Inventory:

Hand Weapons
 o - a +1 dagger of freezing
Missiles
 h - 11 poisoned darts (quivered)
Armour
 a - a +0 animal skin (worn)
 s - a +0 helmet
Jewellery
 g - an amulet of magic regeneration
 t - a ring of see invisible
Talismans
 c - a beast talisman (active)
 d - a flux talisman
Wands
 n - a wand of iceblast (1)
Scrolls
 e - 2 scrolls of identify {unknown}
 f - a scroll of poison {unknown}
 i - 2 scrolls of enchant armour {unknown}
 j - a scroll of summoning {unknown}
 m - a scroll of silence {unknown}
 q - a scroll of noise {unknown}
Potions
 k - a potion of curing {unknown}
 l - a potion of ambrosia {unknown}
 p - a potion of degeneration {unknown}
 r - a potion of might {unknown}


   Skills:
 + Level 2.7 Fighting
 - Level 2.6 Dodging
 * Level 5.1 Unarmed Combat
 + Level 5.0 Shapeshifting


You had 4 spell levels left.
You didn't know any spells.
Your spell library contained the following spells:

 Spells                   Type           Power      Damage    Failure   Level
 Sublimation of Blood     Necr           0%         N/A       50%         2
 Wereblood                Tmut           0%         N/A       50%         2
 Tukima's Dance           Hex            0%         N/A       75%         3
 Passage of Golubria      Tloc           0%         N/A       98%         4
 Yara's Violent Unravell  Hex/Tmut       0%         3d3       100%        5
 Summon Hydra             Summ           0%         N/A       100%        7


Dungeon Overview and Level Annotations

Branches:
Dungeon (3/15)              Sewer (1/1)

Altars:

Portals:
Abyss: D:3


Innate Abilities, Weirdness & Mutations

You are a hulking beast.
Your limbs bulge with bestial killing power. (Slay +2)
You are very nimble when in or above water. (Stealth+, EV+, Speed+++)
Your lower body shifts to a powerful aquatic tail in water.


Message History

The river rat closely misses you. The river rat bites you!
The river rat barely misses you.
Your legs become a tail as you enter the water.
The river rat attacks as it pursues you!
The river rat misses you.
A ball python comes into view.
The ball python hisses angrily.
You hear an angry hiss.
A ball python comes into view.
A river rat comes into view.
The ball python closely misses you. The ball python grabs you.
The ball python constricts you.
You barely miss the ball python.
A river rat comes into view.
The ball python closely misses you. The ball python constricts you.
You escape the ball python's grasp.
A ball python comes into view.
The river rat bites you!
The ball python moves out of view.
The ball python hisses angrily.
Your legs become a tail as you enter the water.
The river rat bites you!
* * * LOW HITPOINT WARNING * * *
The ball python attacks as it pursues you!
The ball python bites you.
* * * LOW HITPOINT WARNING * * *
The ball python closely misses you. The river rat misses you.
You closely miss the ball python. The ball python bites you.
* * * LOW HITPOINT WARNING * * *
The ball python barely misses you.
The river rat attacks as it pursues you!
The river rat closely misses you.
The river rat attacks as it pursues you!
The river rat bites you!
* * * LOW HITPOINT WARNING * * *
Your legs become a tail as you enter the water.
A rat comes into view.
The ball python barely misses you. The ball python misses you.
The river rat attacks as it pursues you!
The river rat bites you.
You die...

##### ##..∩# ####
#∩..#####..###
####...######...##..##
##........#####.......##..
#........†..##.............
+........†...S.............
#~.~~.~.....................
#≈~≈≈~≈.~.~~~.Sr............
#≈≈≈≈≈≈~~~≈≈~≈rSh........~~.
≈≈≈≈≈≈≈≈≈≈rr≈≈≈≈~~.~.~...≈~~
≈≈≈≈≈≈≈≈≈≈≈≈≈≈≈≈≈~~~~≈~~≈~≈
≈≈≈≈≈≈≈≈≈≈≈≈≈≈≈≈≈~≈≈~~≈~≈≈
≈≈≈≈≈≈≈≈~≈≈≈≈≈≈≈..~~....
≈≈≈≈≈≈≈~≈##.~~r.........
≈≈≈~.r####..............
#≈~~.. .....##.....r..
#~.~.. ...# #r


You could see 4 river rats, 3 ball pythons and 2 rats.

Vanquished Creatures
  Jessica (D:2)
  Terence (D:3)
  5 gnolls
  3 bats
  3 endoplasms
  6 giant cockroaches
  6 goblins
  4 hobgoblins
  3 jackals (D:3)
  3 quokkas
  4 ball pythons
  A frilled lizard (D:2)
  2 kobolds
  9 rats
51 creatures vanquished.

Notes
Turn   | Place    | Note
-------+----------+-------------------------------------------
     0 | D:1      | Vomitron the Merfolk Shapeshifter began the quest for the
                  | Orb.
     0 | D:1      | Reached XP level 1. HP: 15/15 MP: 1/1
   467 | D:1      | Reached XP level 2. HP: 21/21 MP: 2/2
   779 | D:1      | Reached XP level 3. HP: 27/27 MP: 3/3
  1160 | D:2      | Noticed Jessica
  1179 | D:2      | Killed Jessica
  1180 | D:2      | Reached XP level 4. HP: 23/33 MP: 4/4
  1766 | D:3      | Found a one-way gate to the infinite horrors of the Abyss.
  1814 | D:3      | Reached XP level 5. HP: 39/39 MP: 5/5
  1874 | D:3      | Noticed Terence
  1889 | D:3      | Killed Terence
  1890 | D:3      | Reached skill level 5 in Unarmed Combat
  1890 | D:3      | Reached skill level 5 in Shapeshifting
  2002 | D:3      | Found a glowing drain.
  2030 | Sewer    | Entered a sewer
  2086 | Sewer    | Slain by a river rat

Illustrated notes

Levels and vault maps discovered:
D:1:      lightli_molten_gateway, layout_loops_cross, nicolae_grassy_gnolls
D:2:      layout_rooms, uniq_jessica
D:3:      due_chaos_kobolds, layout_rooms, nicolae_overflow_two_pavilions,
          portal_sewer_entry_f, chequers_serial_rivers_small_a,
          uniq_crazy_yiuf_cottage, uniq_terence
Sewer:    sewer_minmay_treatment

Skill      XL: |  1  2  3  4  5 |
---------------+----------------+-----
Unarmed Combat | 4 5 |  5.1
Fighting       | 2 |  2.7
Shapeshifting  | 5 |  5.0
Dodging        | |  2.6

Action                     |  1- 3 |  4- 6 || total
---------------------------+-------+-------++-------
  Melee: Unarmed           |    74 |    67 ||   141
Ability: Begin Untransform |     4 |       ||     4
  Evoke: Wand              |       |     2 ||     2
    Use: Potion            |       |     1 ||     1
   Stab: Sleeping          |     1 |       ||     1
 Armour: Animal skin       |    32 |    32 ||    64
  Dodge: Dodged            |    48 |    41 ||    89
   Form: Beast             |     2 |       ||     2
         Flux              |     2 |       ||     2

Table legend: (Time is in decaauts)
 A = Elapsed time spent in this place.
 B = Non-inter-level travel time spent in this place.
 C = Inter-level travel time spent in this place.
 D = Time resting spent in this place.
 E = Time spent auto-exploring this place.
 F = Levels seen in this place.
 G = Mean time per level.
                   A        B        C        D        E       F      G
               +--------+--------+--------+--------+--------+-----+--------+
         Total |   2068 |   2011 |     57 |    524 |    994 |   4 |  517.0 |
       Dungeon |   2016 |   1959 |     57 |    512 |    994 |   3 |  672.0 |
         Sewer |     51 |     51 |      0 |     12 |      0 |   1 |   51.0 |
               +--------+--------+--------+--------+--------+-----+--------+

Top non-repeatable levels by time:
     D:1: 1118 daAuts
     D:2: 642 daAuts
     D:3: 255 daAuts
   Sewer: 51 daAuts
